 Dungeon Crawl Stone Soup version 0.19.1 (webtiles) character file.

5015 Faustar the Fighter (level 10, -9/106 HPs)
             Began as a Gargoyle Fighter on Dec 23, 2016.
             Mangled by an ice devil (10 damage)
             ... in an ice cave.
             The game lasted 00:17:40 (7524 turns).

Faustar the Fighter (Gargoyle Fighter)              Turns: 7524, Time: 00:17:41

Health: -9/106     AC: 18    Str: 27    XL:     10   Next: 54%
Magic:  10/10      EV:  6    Int:  9    God:
Gold:   481        SH: 11    Dex: 10    Spells: 0 memorised, 9 levels left

rFire  x . .     SeeInvis +     G - +1 whip (flame)
rCold  + . .     Gourm    .     A - +0 chain mail
rNeg   + . .     Faith    .     c - +0 shield
rPois  ∞         Spirit   .     (no helmet)
rElec  +         Reflect  .     N - +1 cloak
rCorr  .         Harm     .     (no gloves)
MR     .....                    (no boots)
Stlth  ..........               (no amulet)
                                j - ring of ice
                                w - ring of see invisible

@: berserking, very quick
A: negative energy resistance 1, electricity resistance, unbreathing,
petrification resistance, rot immunity, AC +7
a: no special abilities


You were in an ice cave.
You were not hungry.

You visited 2 branches of the dungeon, and saw 11 of its levels.
You also visited: Ice Cave.

You collected 481 gold pieces.

Inventory:

Hand Weapons
 m - a +6 flail of protection
 G - a +1 whip of flaming (weapon)
Armour
 c - a +0 shield (worn)
 A - a +0 chain mail (worn)
 N - a +1 cloak (worn)
Jewellery
 j - a ring of ice (right hand)
 n - a +3 ring of intelligence
 v - an uncursed ring of flight
 w - a ring of see invisible (left hand)
 y - an uncursed ring of fire
 I - an uncursed ring of fire
 K - an uncursed ring of resist corrosion
 O - an uncursed ring of wizardry
Wands
 a - a wand of flame (33/48)
 z - a wand of paralysis (8/24)
 D - a wand of iceblast (1/15)
 L - a wand of heal wounds (9/9)
 S - a wand of enslavement (7/24)
Scrolls
 b - a scroll of enchant armour {unknown}
 e - 5 scrolls of magic mapping
 i - 3 scrolls of identify
 k - 8 scrolls of teleportation
 l - 5 scrolls of blinking {unknown}
 o - 3 scrolls of amnesia {unknown}
 t - a scroll of random uselessness
 u - a scroll of silence
 C - a scroll of summoning
 E - a scroll of recharging
 U - a scroll of immolation {unknown}
Potions
 d - 2 potions of might
 g - 3 potions of heal wounds
 p - 2 potions of berserk rage
 q - a potion of curing
 s - a potion of resistance
 H - a potion of haste
 J - a potion of lignification
 M - a potion of mutation
 P - a potion of cancellation
 Q - a potion of agility
 R - a potion of brilliance
Books
 r - a book of Minor Magic

   Spells                             Type                      Level
   a - Magic Dart                     Conjuration                  1
   b - Blink                          Translocation                2
   c - Call Imp                       Summoning                    2
   d - Repel Missiles                 Charms/Air                   2
   e - Slow                           Hexes                        2
   f - Conjure Flame                  Conjuration/Fire             3
   g - Mephitic Cloud                 Conjuration/Poison/Air       3
 F - a book of Misfortune

   Spells                             Type                      Level
   a - Confusing Touch                Hexes                        1
   b - Confuse                        Hexes                        3
   c - Gell's Gravitas                Hexes/Translocation          3
   d - Petrify                        Transmutation/Earth          4
   e - Metabolic Englaciation         Hexes/Ice                    5
   f - Yara's Violent Unravelling     Hexes/Transmutation          5
Comestibles
 f - 5 bread rations
 h - 3 beef jerkies
 x - 7 meat rations
 B - 2 fruits


   Skills:
 + Level 12.0 Fighting
 - Level 10.0 Maces & Flails
 - Level 3.2 Armour
 - Level 6.1 Shields


You had 9 spell levels left.
You didn't know any spells.

Dungeon Overview and Level Annotations

Branches:
Dungeon (10/15)            Temple (0/1) D:7            Lair (1/6) D:10
    Orc: D:9-12

Altars:
Ru

Shops:
D:6 *


Innate Abilities, Weirdness & Mutations

You are resistant to torment.
Your stone body is resilient. (AC +7)
You are immune to poison.
You resist negative energy. (rN+)
You are resistant to electric shocks. (rElec)
You can survive without breathing.
You are immune to petrification.
You are immune to rotting.


Message History

You hit the ice devil. You burn the ice devil.
You kill the ice devil!
Your Fighting skill increases to level 12!
The ice devil hits you but does no damage.
Unknown command.
You thrash the ice devil!! You burn the ice devil.
The ice devil is severely wounded.
The ice devil hits you.
* * * LOW HITPOINT WARNING * * *
The ice devil freezes you. You resist.
* * * LOW HITPOINT WARNING * * *
Your chain mail prevents you from hitting the ice devil.
The ice devil is severely wounded.
You block the ice devil's attack.
You closely miss the ice devil.
The ice devil is severely wounded.
The ice devil hits you.
* * * LOW HITPOINT WARNING * * *
The ice devil freezes you! You resist.
You die...

#### ##.... #......
....... #### .......
##..########.......
##....##.@##........
#.......4.4.........
#..∩∩.............⌠.
#.......##..........
##....######........
##..## ##.......
#### ....... .......
#......


You could see 2 ice devils.

Vanquished Creatures
  Pikel (D:7)
  The ghost of Faustar the Fighter, a novice VSFi of Okawaru (D:6)
  2 rime drakes (Lair:1)
  An ice devil (IceCv)
  A troll (D:9)
  A hippogriff (D:8)
  Eustachio (D:6)
  A hungry ghost (D:9)
  A basilisk (D:8)
  Edmund (D:6)
  Menkaure (D:6)
  An orc warrior (D:9)
  A slave (D:7)
  A phantom (D:9)
  2 centaurs
  A big kobold (D:7)
  7 bullfrogs
  6 killer bees
  3 howler monkeys
  A crimson imp (D:9)
  5 orc priests
  4 hounds
  2 gnoll shamans
  A bullfrog skeleton (D:9)
  A centaur skeleton (D:4)
  Jessica (D:3)
  An iguana (D:4)
  3 orc wizards
  8 worker ants
  9 adders
  12 gnolls
  3 oozes
  A worm (D:2)
  3 dart slugs
  6 leopard geckos
  28 orcs
  2 ball pythons
  14 bats
  7 giant cockroaches
  14 goblins
  17 hobgoblins
  10 jackals (D:1)
  15 kobolds
  A quokka (D:5)
  7 frilled lizards
  A quokka skeleton (D:6)
  6 rats
217 creatures vanquished.

Vanquished Creatures (others)
  A slave (D:7)
  A killer bee (D:7)
2 creatures vanquished.

Grand Total: 219 creatures vanquished

Notes
Turn   | Place    | Note
-------+----------+-------------------------------------------
     0 | D:1      | Faustar the Gargoyle Fighter began the quest for the Orb.
     0 | D:1      | Reached XP level 1. HP: 14/14 MP: 1/1
    43 | D:1      | Reached XP level 2. HP: 19/19 MP: 2/2
   290 | D:1      | Reached XP level 3. HP: 22/23 MP: 3/3
   823 | D:2      | Reached XP level 4. HP: 28/28 MP: 4/4
  1244 | D:2      | Found a sacrificial altar of Ru.
  1453 | D:2      | Reached skill level 5 in Shields
  1553 | D:3      | Reached XP level 5. HP: 32/32 MP: 5/5
  1724 | D:3      | Noticed Jessica
  1733 | D:3      | Killed Jessica
  2264 | D:4      | Reached XP level 6. HP: 36/37 MP: 6/6
  2602 | D:5      | Entered Level 5 of the Dungeon
  2611 | D:5      | Reached skill level 5 in Maces & Flails
  2843 | D:5      | Reached XP level 7. HP: 9/41 MP: 7/7
  3535 | D:6      | Noticed Faustar's ghost (novice VSFi)
  3560 | D:6      | Killed Faustar's ghost
  3560 | D:6      | Reached XP level 8. HP: 39/46 MP: 8/8
  3834 | D:6      | Found Ygisiuteuz's Assorted Antiques.
  3834 | D:6      | Noticed Eustachio
  3922 | D:6      | Killed Eustachio
  4261 | D:6      | Noticed Edmund
  4311 | D:6      | Killed Edmund
  4565 | D:6      | Noticed Menkaure
  4571 | D:6      | Killed Menkaure
  4571 | D:6      | Reached skill level 10 in Maces & Flails
  4703 | D:6      | Reached skill level 4 in Fighting
  4703 | D:6      | Reached XP level 9. HP: 49/52 MP: 9/9
  4958 | D:7      | Reached skill level 5 in Fighting
  5127 | D:7      | Noticed Pikel
  5142 | D:7      | Killed Pikel
  5142 | D:7      | Reached skill level 7 in Fighting
  5297 | D:7      | Reached skill level 8 in Fighting
  5420 | D:7      | Found a staircase to the Ecumenical Temple.
  5801 | D:8      | Reached skill level 9 in Fighting
  6438 | D:8      | Reached XP level 10. HP: 62/67 MP: 10/10
  6559 | D:9      | Reached skill level 10 in Fighting
  6918 | D:9      | Reached skill level 11 in Fighting
  7091 | D:10     | Entered Level 10 of the Dungeon
  7091 | D:10     | Noticed a gargoyle
  7315 | D:10     | Found a staircase to the Lair.
  7357 | Lair:1   | Entered Level 1 of the Lair of Beasts
  7373 | Lair:1   | Found a frozen archway.
  7390 | IceCv    | Entered an ice cave
  7521 | IceCv    | Reached skill level 12 in Fighting
  7522 | IceCv    | HP: 5/106 [ice devil (4)]
  7524 | IceCv    | HP: 1/106 [ice devil (4)]
  7524 | IceCv    | Mangled by an ice devil

Skill      XL: |  1  2  3  4  5  6  7  8  9 10 |
---------------+-------------------------------+-----
Shields        | 4 5 6 |  6.1
Maces & Flails | 3 4 5 8 10 | 10.0
Fighting       | 4 9 12 | 12.0
Armour         | |  3.2

Action                   |  1- 3 |  4- 6 |  7- 9 | 10-12 || total
-------------------------+-------+-------+-------+-------++-------
Melee: Flail             |   141 |   296 |   379 |   100 ||   916
       Whip              |       |       |    36 |    29 ||    65
  Use: Potion            |       |       |     8 |     1 ||     9
       Scroll            |       |       |       |     9 ||     9
  Eat: Chunk             |       |     6 |    12 |     6 ||    24
       Fruit             |       |       |       |     1 ||     1
Armor: Scale mail        |    77 |   146 |       |       ||   223
       Chain mail        |       |    28 |   293 |    74 ||   395
Dodge: Dodged            |    47 |   100 |   135 |    28 ||   310
Block: Shield            |    87 |   200 |   296 |    56 ||   639
